MLB
WASHINGTON NATIONALS @ SAN FRANCISCO GIANTS
05/15/2044
 
TOP OF THE 1ST
Washington Nationals batting - Pitching for San Francisco Giants : RHP Casey Jones
Pitching: RHP Casey Jones
Batting: SHB Andrew Wray II 0-0: Ground out 4-3 (Groundball, 4S, EV 86.2 MPH)
Batting: RHB C.J. Beavers 0-0: DOUBLE (Flyball, 9LM, EV 93.1 MPH)
Batting: LHB R.J. O'Brien 0-0: Ball
1-0: Called Strike
1-1: Ball
2-1: 2-RUN HOME RUN (Flyball, 7D, EV 98.1 MPH), Distance : 377 ft
Batting: LHB Armando Carbajal 0-0: Called Strike
0-1: Ball
1-1: Called Strike
1-2: Ball
2-2: Ball
3-2: SINGLE (Groundball, 4MD, EV 97.5 MPH)
Batting: SHB Junzo Kato 0-0: SINGLE (Flyball, 89S, EV 94.4 MPH)
Armando Carbajal to second
Batting: LHB Yasahiko Teshima 0-0: Fly out, F8 (Flyball, 8LS, EV 93.8 MPH)
Batting: RHB Luis Torres 0-0: Ball
1-0: Foul Ball, location: 2F
1-1: Swinging Strike
1-2: SINGLE (Groundball, 34D, EV 99.4 MPH)
Armando Carbajal to third
Junzo Kato to second
Runner from 3rd tries for Home, SAFE, throw by RF to home
Batting: RHB Mike Blair 0-0: Ball
1-0: Ball
2-0: Called Strike
2-1: Ball
3-1: SINGLE (Groundball, 56D, EV 97.5 MPH)
Junzo Kato to third
Luis Torres to second
Runner from 3rd tries for Home, SAFE, throw by LF to home
Batting: RHB Masashi Yukizawa 0-0: Called Strike
0-1: Foul Ball, location: 2F
0-2: Strikes out swinging
Top of the 1st over - 4 runs, 6 hits, 0 errors, 2 left on base; Washington 4 - San Francisco 0
BOTTOM OF THE 1ST
San Francisco Giants batting - Pitching for Washington Nationals : RHP Reece Nichols
Pitching: RHP Reece Nichols
Batting: RHB Nick Rigden 0-0: Ball
1-0: Called Strike
1-1: Foul Ball, location: 2F
1-2: Fly out, F8 (Flyball, 8LXD, EV 93.1 MPH)
Batting: SHB Ryan Doss 0-0: Ball
1-0: Ball
2-0: Foul Ball, location: 2F
2-1: Foul Ball, location: 2F
2-2: Ball
3-2: Foul Ball, location: 2F
3-2: Fly out, F9 (Flyball, 9S, EV 87.5 MPH)
Batting: LHB Jack Henningar 0-0: Called Strike
0-1: Swinging Strike
0-2: Strikes out swinging
Bottom of the 1st over - 0 runs, 0 hits, 0 errors, 0 left on base; Washington 4 - San Francisco 0
TOP OF THE 2ND
Washington Nationals batting - Pitching for San Francisco Giants : RHP Casey Jones
Batting: SHB Andrew Wray II 0-0: Ball
1-0: Ground out U3 (Groundball, 34, EV 108.1 MPH)
Batting: RHB C.J. Beavers 0-0: Ball
1-0: Ball
2-0: Foul Ball, location: 2F
2-1: Ball
3-1: Foul Ball, location: 2F
3-2: Foul Ball, location: 2F
3-2: Base on Balls
Batting: LHB R.J. O'Brien 0-0: Fielders Choice at 2nd, 5-4 (Groundball, 56, EV 85.6 MPH)
Batting: LHB Armando Carbajal 0-0: Called Strike
0-1: SINGLE (Line Drive, 78S, EV 106.9 MPH)
R.J. O'Brien to second
Batting: SHB Junzo Kato 0-0: Called Strike
0-1: Fielders Choice at 2nd, 6-4 (Groundball, 4M, EV 78.8 MPH)
Top of the 2nd over - 0 runs, 1 hit, 0 errors, 2 left on base; Washington 4 - San Francisco 0
BOTTOM OF THE 2ND
San Francisco Giants batting - Pitching for Washington Nationals : RHP Reece Nichols
Batting: LHB Willis Robles 0-0: Foul Ball, location: 2F
0-1: Swinging Strike
0-2: Ball
1-2: Strikes out swinging
Batting: RHB Sean Zielinski 0-0: Ball
1-0: Called Strike
1-1: Swinging Strike
1-2: Ground out 6-3 (Groundball, 6S, EV 86.2 MPH)
Batting: RHB Jim Zucco 0-0: SINGLE (Flyball, 89S, EV 89.4 MPH)
Batting: RHB Jason May 0-0: Ball
1-0: SINGLE (Line Drive, 7S, EV 95.6 MPH)
Jim Zucco to second
Batting: RHB Ray Llewellyn 0-0: Foul Ball, location: 2F
0-1: Ground out 1-3 (Groundball, 13, EV 73.8 MPH)
Bottom of the 2nd over - 0 runs, 2 hits, 0 errors, 2 left on base; Washington 4 - San Francisco 0
TOP OF THE 3RD
Washington Nationals batting - Pitching for San Francisco Giants : RHP Casey Jones
Batting: LHB Yasahiko Teshima 0-0: Called Strike
0-1: Ball
1-1: Ball
2-1: Ball
3-1: Foul Ball, location: 2F
3-2: Strikes out swinging
Batting: RHB Luis Torres 0-0: Ball
1-0: Called Strike
1-1: Ball
2-1: Swinging Strike
2-2: Strikes out swinging
Batting: RHB Mike Blair 0-0: Foul Ball, location: 2F
0-1: Foul Ball, location: 2F
0-2: Strikes out swinging
Top of the 3rd over - 0 runs, 0 hits, 0 errors, 0 left on base; Washington 4 - San Francisco 0
BOTTOM OF THE 3RD
San Francisco Giants batting - Pitching for Washington Nationals : RHP Reece Nichols
Batting: SHB Ken Welch 0-0: SINGLE (Groundball, 13, EV 93.8 MPH) (infield hit)
Batting: RHB Nick Rigden 0-0: Ball
1-0: Called Strike
1-1: Ball
2-1: Ball
3-1: Swinging Strike
3-2: Strikes out swinging
Batting: SHB Ryan Doss 0-0: Fielders Choice at 2nd, 1-6 (Groundball, 13, EV 70.6 MPH)
Batting: LHB Jack Henningar 0-0: Ball
1-0: Foul Ball, location: 2F
1-1: Ball
2-1: Ground out U3 (Groundball, 3S, EV 66.2 MPH)
Bottom of the 3rd over - 0 runs, 1 hit, 0 errors, 1 left on base; Washington 4 - San Francisco 0
TOP OF THE 4TH
Washington Nationals batting - Pitching for San Francisco Giants : RHP Casey Jones
Batting: RHB Masashi Yukizawa 0-0: Fly out, F9 (Line Drive, 9, EV 95.6 MPH)
Batting: SHB Andrew Wray II 0-0: Called Strike
0-1: Foul Ball, location: 2F
0-2: Ball
1-2: Fly out, F9 (Line Drive, 9, EV 93.1 MPH)
Batting: RHB C.J. Beavers 0-0: Fly out, F7 (Flyball, 78D, EV 96.9 MPH)
Top of the 4th over - 0 runs, 0 hits, 0 errors, 0 left on base; Washington 4 - San Francisco 0
BOTTOM OF THE 4TH
San Francisco Giants batting - Pitching for Washington Nationals : RHP Reece Nichols
Batting: LHB Willis Robles 0-0: Ball
1-0: Ball
2-0: Called Strike
2-1: Foul Ball, location: 2F
2-2: Foul Ball, location: 2F
2-2: Fly out, F8 (Flyball, 78D, EV 103.1 MPH)
Batting: RHB Sean Zielinski 0-0: Ball
1-0: Ball
2-0: Ball
3-0: Called Strike
3-1: Foul Ball, location: 2F
3-2: SINGLE (Line Drive, 8RS, EV 110.0 MPH)
Batting: RHB Jim Zucco 0-0: Ball
1-0: Swinging Strike
1-1: Ball
2-1: SINGLE (Flyball, 56D, EV 91.2 MPH)
Sean Zielinski to second
Batting: RHB Jason May 0-0: Foul Ball, location: 2F
0-1: Ball
1-1: Ball
2-1: Foul Ball, location: 2F
2-2: Ball
3-2: Hit by Pitch
Sean Zielinski to third
Jim Zucco to second
Batting: RHB Ray Llewellyn 0-0: Called Strike
0-1: Ball
1-1: Swinging Strike
1-2: Ball
2-2: Ball
3-2: Strikes out looking
Batting: SHB Ken Welch 0-0: Ball
1-0: Foul Ball, location: 2F
1-1: Ball
2-1: Fly out, F9 (Flyball, 9LD, EV 108.8 MPH)
Bottom of the 4th over - 0 runs, 2 hits, 0 errors, 3 left on base; Washington 4 - San Francisco 0
TOP OF THE 5TH
Washington Nationals batting - Pitching for San Francisco Giants : RHP Casey Jones
Batting: LHB R.J. O'Brien 0-0: Called Strike
0-1: Swinging Strike
0-2: Foul Ball, location: 2F
0-2: Ball
1-2: Strikes out swinging
Batting: LHB Armando Carbajal 0-0: Ground out 6-3 (Groundball, 4S, EV 68.8 MPH)
Batting: SHB Junzo Kato 0-0: Called Strike
0-1: SINGLE (Line Drive, 6D, EV 96.2 MPH)
Batting: LHB Yasahiko Teshima 0-0: Called Strike
0-1: Ball
1-1: Foul Ball, location: 2F
1-2: 2-RUN HOME RUN (Flyball, 9D, EV 98.8 MPH), Distance : 393 ft
Pitching: RHP Nate Heideman
Batting: RHB Luis Torres 0-0: Ball
1-0: Called Strike
1-1: Ball
2-1: Foul Ball, location: 2F
2-2: Ball
3-2: Foul Ball, location: 2F
3-2: Foul Ball, location: 2F
3-2: Fly out, F9 (Flyball, 9, EV 89.4 MPH)
Top of the 5th over - 2 runs, 2 hits, 0 errors, 0 left on base; Washington 6 - San Francisco 0
BOTTOM OF THE 5TH
San Francisco Giants batting - Pitching for Washington Nationals : RHP Reece Nichols
Batting: RHB Nick Rigden 0-0: Ball
1-0: Ball
2-0: Ball
3-0: Called Strike
3-1: Ground out U3 (Groundball, 34S, EV 86.9 MPH)
Batting: SHB Ryan Doss 0-0: Ball
1-0: Ball
2-0: Ball
3-0: Called Strike
3-1: Called Strike
3-2: SINGLE (Groundball, 6S, EV 65.0 MPH) (infield hit)
Batting: LHB Jack Henningar 0-0: Ball
Ryan Doss steals 2nd base
1-0: Foul Ball, location: 2F
1-1: Swinging Strike
1-2: Foul Ball, location: 2F
1-2: Fly out, F6 (Flyball, 56D, EV 90.6 MPH)
Batting: LHB Willis Robles 0-0: Swinging Strike
0-1: Foul Ball, location: 2F
0-2: 2-RUN HOME RUN (Flyball, 9D, EV 106.9 MPH), Distance : 390 ft
Batting: RHB Sean Zielinski 0-0: Ground out 4-3 (Groundball, 4, EV 103.1 MPH)
Bottom of the 5th over - 2 runs, 2 hits, 0 errors, 0 left on base; Washington 6 - San Francisco 2
TOP OF THE 6TH
Washington Nationals batting - Pitching for San Francisco Giants : RHP Nate Heideman
Batting: RHB Mike Blair 0-0: Ball
1-0: Foul Ball, location: 2F
1-1: Swinging Strike
1-2: Strikes out swinging
Batting: RHB Masashi Yukizawa 0-0: SINGLE (Groundball, 56S, EV 67.5 MPH) (infield hit)
Batting: SHB Andrew Wray II 0-0: Ball
1-0: Ball
2-0: DOUBLE (Line Drive, 9LM, EV 91.9 MPH)
Masashi Yukizawa to third
Runner from 3rd tries for Home, SAFE, throw by RF to home
Pitching: RHP Josh Lister
Batting: RHB C.J. Beavers 0-0: Foul Ball, location: 2F
0-1: SINGLE (Groundball, 34D, EV 103.8 MPH)
Andrew Wray II to third
Runner from 3rd tries for Home, SAFE, throw by RF to home
Batting: LHB R.J. O'Brien 0-0: Ball
1-0: Called Strike
1-1: Foul Ball, location: 2F
1-2: Ball
2-2: Fly out, F7 (Flyball, 7S, EV 88.1 MPH)
Batting: LHB Armando Carbajal 0-0: Ball
1-0: Foul Ball, location: 2F
1-1: Ground out 4-3 (Groundball, 34D, EV 93.8 MPH)
Top of the 6th over - 2 runs, 3 hits, 0 errors, 1 left on base; Washington 8 - San Francisco 2
BOTTOM OF THE 6TH
San Francisco Giants batting - Pitching for Washington Nationals : RHP Reece Nichols
Batting: RHB Jim Zucco 0-0: Foul Ball, location: 2F
0-1: Ball
1-1: Foul Ball, location: 2F
1-2: SINGLE (Flyball, 8LS, EV 95.0 MPH)
Batting: RHB Jason May 0-0: Swinging Strike
0-1: Called Strike
0-2: Foul Ball, location: 2F
0-2: Foul Ball, location: 2F
0-2: Ball
1-2: Foul Ball, location: 2F
1-2: Strikes out looking
Batting: RHB Ray Llewellyn 0-0: Ball
1-0: SINGLE (Groundball, 56D, EV 100.6 MPH)
Jim Zucco to second
Pitching: RHP Kyle Bradley
Batting: SHB Ken Welch 0-0: Ball
1-0: Ball
2-0: Grounds into double play, 4-6-3 (Groundball, 4, EV 89.4 MPH)
Bottom of the 6th over - 0 runs, 2 hits, 0 errors, 1 left on base; Washington 8 - San Francisco 2
TOP OF THE 7TH
Washington Nationals batting - Pitching for San Francisco Giants : RHP Josh Lister
Batting: SHB Junzo Kato 0-0: Ball
1-0: Ground out 5-3 (Groundball, 56, EV 80.6 MPH)
Batting: LHB Yasahiko Teshima 0-0: Ball
1-0: Foul Ball, location: 2F
1-1: Ball
2-1: Ball
3-1: Base on Balls
Batting: RHB Luis Torres 0-0: Called Strike
0-1: Ball
1-1: Called Strike
1-2: Foul Ball, location: 2F
1-2: Grounds into double play, 4-6-3 (Groundball, 34, EV 103.8 MPH)
Top of the 7th over - 0 runs, 0 hits, 0 errors, 0 left on base; Washington 8 - San Francisco 2
BOTTOM OF THE 7TH
San Francisco Giants batting - Pitching for Washington Nationals : RHP Kyle Bradley
Batting: RHB Nick Rigden 0-0: Ball
1-0: Fly out, F6 (Popup, 6, EV 57.5 MPH)
Batting: SHB Ryan Doss 0-0: Called Strike
0-1: Ball
1-1: Ball
2-1: Foul Ball, location: 2F
2-2: Ball
3-2: Foul Ball, location: 2F
3-2: Strikes out looking
Batting: LHB Jack Henningar 0-0: Called Strike
0-1: Called Strike
0-2: Strikes out swinging
Bottom of the 7th over - 0 runs, 0 hits, 0 errors, 0 left on base; Washington 8 - San Francisco 2
TOP OF THE 8TH
Washington Nationals batting - Pitching for San Francisco Giants : RHP Josh Lister
Batting: RHB Mike Blair 0-0: Ball
1-0: Foul Ball, location: 2F
1-1: Ball
2-1: Called Strike
2-2: Strikes out swinging
Batting: RHB Masashi Yukizawa 0-0: Called Strike
0-1: Ball
1-1: Ball
2-1: Swinging Strike
2-2: Foul Ball, location: 2F
2-2: Foul Ball, location: 2F
2-2: Strikes out swinging
Batting: SHB Andrew Wray II 0-0: Ball
1-0: Ball
2-0: Foul Ball, location: 2F
2-1: Ball
3-1: Base on Balls
Batting: RHB C.J. Beavers 0-0: Foul Ball, location: 2F
0-1: Ground out 4-3 (Groundball, 4, EV 76.9 MPH)
Top of the 8th over - 0 runs, 0 hits, 0 errors, 1 left on base; Washington 8 - San Francisco 2
BOTTOM OF THE 8TH
San Francisco Giants batting - Pitching for Washington Nationals : RHP Kyle Bradley
Batting: LHB Willis Robles 0-0: Called Strike
0-1: Foul Ball, location: 2F
0-2: Strikes out swinging
Batting: RHB Sean Zielinski 0-0: Ball
1-0: Ball
2-0: DOUBLE (Flyball, 78D, EV 93.8 MPH)
Batting: RHB Jim Zucco 0-0: Swinging Strike
0-1: Ground out 1-3 (Groundball, 13S, EV 69.4 MPH)
Sean Zielinski to third
Batting: RHB Jason May 0-0: SINGLE (Line Drive, 7S, EV 113.1 MPH)
Sean Zielinski scores
Batting: RHB Ray Llewellyn 0-0: Ball
1-0: Swinging Strike
1-1: Foul Ball, location: 2F
1-2: Ball
2-2: Ball
3-2: Base on Balls
Jason May to second
Pitching: RHP David Krampe
Batting: SHB Ken Welch 0-0: Called Strike
0-1: Called Strike
0-2: Ball
1-2: Ball
2-2: Foul Ball, location: 2F
2-2: Strikes out swinging
Bottom of the 8th over - 1 run, 2 hits, 0 errors, 2 left on base; Washington 8 - San Francisco 3
TOP OF THE 9TH
Washington Nationals batting - Pitching for San Francisco Giants : RHP Josh Lister
Batting: LHB R.J. O'Brien 0-0: Ball
1-0: Called Strike
1-1: Swinging Strike
1-2: Ball
2-2: Ball
3-2: Fly out, F6 (Popup, 6MD, EV 71.2 MPH)
Batting: LHB Armando Carbajal 0-0: Foul Ball, location: 2F
0-1: Swinging Strike
0-2: Ball
1-2: SINGLE (Groundball, 4MD, EV 93.8 MPH)
Pitching: RHP Johnny Munoz
Batting: SHB Junzo Kato 0-0: Ball
1-0: Fly out, F7 (Flyball, 7LS, EV 85.0 MPH)
Batting: LHB Yasahiko Teshima 0-0: Ball
1-0: Called Strike
1-1: Ball
2-1: Foul Ball, location: 2F
2-2: Strikes out looking
Top of the 9th over - 0 runs, 1 hit, 0 errors, 1 left on base; Washington 8 - San Francisco 3
BOTTOM OF THE 9TH
San Francisco Giants batting - Pitching for Washington Nationals : RHP David Krampe
Batting: RHB Nick Rigden 0-0: Called Strike
0-1: Ball
1-1: Ball
2-1: Ball
3-1: Fly out, F8 (Line Drive, 8LD, EV 90.0 MPH)
Batting: SHB Ryan Doss 0-0: SINGLE (Groundball, 34D, EV 98.1 MPH)
Batting: LHB Jack Henningar 0-0: Ball
1-0: Called Strike
1-1: Ball
2-1: Fielders Choice at 2nd, 4-6 (Groundball, 34D, EV 101.9 MPH)
Batting: LHB Willis Robles 0-0: Fly out, F8 (Flyball, 78D, EV 90.0 MPH)
Bottom of the 9th over - 0 runs, 1 hit, 0 errors, 1 left on base; Washington 8 - San Francisco 3
Thursday, March 31st , 2022 - OOTP Baseball 22.12 Build 89